 Dungeon Crawl Stone Soup version 0.30.0-5-g1a98f26d00 (webtiles) character file.

Game seed: 14322893067509690018

11 Edyrem the Scratcher (level 2, 12/12 HPs)
             Began as a Felid Transmuter on May 13, 2023.
             Quit the game on level 1 of the Dungeon.
             The game lasted 00:01:43 (335 turns).

Edyrem the Scratcher (Felid Transmuter)              Turns: 335, Time: 00:01:44

Health: 12/12      AC:  1    Str:  6    XL:     2   Next: 17%
Magic:  5/6        EV: 17    Int: 14    God:
Gold:   63         SH:  0    Dex: 16    Spells: 4/5 levels left
                                        Lives:  0   Deaths: 0

rFire   . .          .
                       - Unarmed
rCold   . . .        (shield unavailable)
rNeg    . . .        (body armour unavailable)
rPois   .            (helmet unavailable)
rElec   .            (cloak unavailable)
rCorr   .            (gloves unavailable)
SInv    +            (boots unavailable)
Will    .....        (no amulet)
Stlth   ++           (no ring)
HPRegen 0.22/turn    (no ring)
MPRegen 0.10/turn

%: no passive effects
@: appendages (expiring), quick
A: horns 2, very small, claws 1, fangs 3, see invisible, speed 1, shaggy fur 1,
stealthy paws, no weapons or thrown items, no armour, multi-lived
a: End Transformation


You were on level 1 of the Dungeon.
You had temporarily grown beastly horns.
You visited 1 branch of the dungeon, and saw 1 of its levels.

You collected 63 gold pieces.

Inventory:

Scrolls
 b - a scroll of noise {unknown}
 d - a scroll of teleportation {unknown}
 e - a scroll of silence {unknown}
Potions
 a - a potion of lignification
 c - a potion of degeneration {unknown}


   Skills:
 + Level 1.4 Fighting
 - Level 2.6 Dodging
 + Level 1.4 Stealth
 - Level 3.0 Unarmed Combat
 + Level 2.2 Spellcasting
 - Level 2.1 Transmutations


You had 4 spell levels left.
You knew the following spells:

 Your Spells              Type           Power      Damage    Failure   Level
a - Beastly Appendage     Tmut           14%        N/A       10%         1

Your spell library contained the following spells:

 Spells                   Type           Power      Damage    Failure   Level
 Wereblood                Tmut           7%         N/A       14%         2
 Spider Form              Tmut/Pois      4%         N/A       41%         3
 Ice Form                 Ice/Tmut       4%         N/A       83%         4


Dungeon Overview and Level Annotations

Branches:
Dungeon (1/15)

Altars:


Innate Abilities, Weirdness & Mutations

You have temporarily grown beastly horns.
You have sharp claws.
You have razor-sharp teeth.
You have supernaturally acute eyesight. (SInv)
You cover ground quickly. (Speed+)
You are covered in fur. (AC +1)
Your paws help you pounce on unaware monsters.
You are incapable of wielding weapons or throwing items.
You cannot wear armour.
You gain extra lives every three experience levels.


Message History

Magic restored.
You see here a +0 robe.
d - a scroll labelled CUSKIE UCUASAP You now have 54 gold pieces (gained 15).
A ball python comes into view.
A ball python is nearby!
The helpless ball python fails to defend itself.
You claw the ball python!
You kill the ball python!
e - a scroll labelled ULA UF FEPAIR You now have 63 gold pieces (gained 9).
A goblin comes into view. It is wielding a +0 club.
Casting: Beastly Appendage (safe; 10% risk of failure)
Press: ? - help, Q - select action Dir - look around, f - activate You miscast Beastly Appendage.
You are very lightly contaminated with residual magic.
Nothing appears to happen.
Casting: Beastly Appendage (safe; 10% risk of failure)
Press: ? - help, Q - select action Dir - look around, f - activate You grow a pair of large bovine horns.
The goblin shouts!
You hear a shout!
A kobold comes into view. It is wielding a +0 short sword.
You claw the goblin!
You kill the goblin!
You see here a +0 club.
You barely miss the kobold.
You headbutt the kobold, but do no damage.
Your claw misses the kobold. The kobold closely misses you.
Your magical contamination has completely faded away.
You closely miss the kobold.
Your transformation is almost over.
The kobold misses you.
You scratch the kobold.
The kobold is moderately wounded.
The kobold closely misses you.
You scratch the kobold.
You kill the kobold!
Things that are here:
a +0 short sword; a stone; a kobold corpse Are you sure you want to abandon this character and quit the game? (Confirm with "yes".)

. ............+..#
#.........
##.#######......#.##
#####.....
#.....†.##......#.#
#.....
.#.............#.#
#.....
..................#
#.....
..........#######.####
#..... .###......#
....## #.....
#......#######.....#
#.....
####........)@.....#
######
############....+ #
...# # ..# # .# # # #
#


There were no monsters in sight!

Vanquished Creatures
  A bat (D:1)
  3 goblins (D:1)
  A hobgoblin (D:1)
  A kobold (D:1)
  2 ball pythons (D:1)
  3 rats (D:1)
11 creatures vanquished.

Notes
Turn   | Place    | Note
-------+----------+-------------------------------------------
     0 | D:1      | Edyrem the Felid Transmuter began the quest for the Orb.
     0 | D:1      | Reached XP level 1. HP: 9/9 MP: 4/4
   192 | D:1      | Reached skill level 1 in Stealth
   284 | D:1      | Reached XP level 2. HP: 12/12 MP: 4/6
   335 | D:1      | Quit the game

Illustrated notes

Levels and vault maps discovered:
D:1:      lemuel_arrival_tunnels, layout_basic

Skill      XL: |  1 |
---------------+----+-----
Stealth        | 1 |  1.4
Fighting       | |  1.4
Dodging        | |  2.6
Unarmed Combat | |  3.0
Spellcasting   | |  2.2
Transmutations | |  2.1

Action                     || total
---------------------------++-------
  Melee: Unarmed           ||    24
         Bite              ||     2
         Headbutt          ||     2
   Cast: Beastly Appendage ||     7
   Stab: Sleeping          ||     2
  Dodge: Dodged            ||     9
